Match 45934510
Unlisted

Match 45934510
End
Selects Australian Defense Battlegroup
Selects Australian Light Infantry Section
Australian Light Infantry Section
Vickers Machine Gun Team
Australian Light Infantry Section
Construct Section Command Post
Construct Platoon Command Post
6-pounder Anti-tank Gun Team
Selects CMP 15cwt Supply Run
Humber Armored Car
Royal Engineer Section
Construct Company Command Post
CMP 15cwt Supply Run
Crusader II Medium Tank
Selects Artillery Trip Wire Flares
Crusader II Medium Tank
Selects Charged Creeping Barrage
Charged Creeping Barrage
Crusader II Medium Tank
Crusader II Medium Tank
Crusader II Medium Tank
Crusader II Medium Tank
Vickers Machine Gun Team
Australian Light Infantry Section
Unlock M3 Grant Medium Tanks
Selects Defensive Tactics
M3 Grant Medium Tank
M3 Grant Medium Tank
Charged Creeping Barrage
M3 Grant Medium Tank
CMP 15cwt Supply Run
M3 Grant Medium Tank
Charged Creeping Barrage
M3 Grant Medium Tank
Charged Creeping Barrage
M3 Grant Medium Tank
M3 Grant Medium Tank
M3 Grant Medium Tank
M3 Grant Medium Tank
CMP 15cwt Supply Run
Royal Engineer Section
Charged Creeping Barrage
M3 Grant Medium Tank
M3 Grant Medium Tank
M3 Grant Medium Tank
M3 Grant Medium Tank
CMP 15cwt Truck
shl2312
potatoo
伽椰子爱爬楼
ironhead1125
sos{china}
我先撤你顶上
alexbrundin
Hokan
0
0

Comments sign in to comment!

No comments posted yet!